 Dungeon Crawl Stone Soup version 0.21.1-1-g345015f (webtiles) character file.

2940 Stormhunter the Cleaver (level 9, -5/56 HPs)
             Began as a Gargoyle Skald on June 9, 2018.
             Was a Believer of Okawaru.
             Slain by a killer bee (6 damage)
             ... while paralysed
             ... on level 8 of the Dungeon.
             The game lasted 00:09:12 (6735 turns).

Stormhunter the Cleaver (Gargoyle Skald)            Turns: 6735, Time: 00:09:13

Health: -5/56      AC: 15    Str: 19    XL:     9   Next: 80%
Magic:  12/12      EV:  2    Int: 13    God:    Okawaru [**....]
Gold:   273        SH:  0    Dex:  9    Spells: 11/12 levels left

rFire    . . .     SeeInvis .   G - +5 hand axe
rCold    . . .     Gourm    .   (no shield)
rNeg     + . .     Faith    .   n - +0 ring mail
rPois    ∞         Spirit   .   q - +0 helmet
rElec    +         Reflect  .   r - +0 cloak
rCorr    .         Harm     .   (no gloves)
MR       .....                  x - +1 pair of boots
Stlth    ..........             (no amulet)
HPRegen  0.18/turn              (no ring)
MPRegen  0.13/turn              (no ring)

@: paralysed, fainting
A: negative energy resistance 1, electricity resistance, unbreathing,
petrification resistance, rot immunity, AC +6
a: Heroism, Renounce Religion


You were on level 8 of the Dungeon.
You worshipped Okawaru.
Okawaru was pleased with you.
You were fainting.

You visited 2 branches of the dungeon, and saw 9 of its levels.

You collected 273 gold pieces.

Inventory:

Hand Weapons
 a - a +0 war axe
 u - a cursed -1 spear
 G - a +5 hand axe (weapon)
Missiles
 A - 2 throwing nets (quivered)
 C - 20 tomahawks
Armour
 g - a +0 chain mail
 n - a +0 ring mail (worn)
 q - a +0 helmet (worn)
 r - a +0 cloak (worn)
 x - a +1 pair of boots (worn)
Jewellery
 o - an uncursed ring of ice
 D - an uncursed ring of protection from cold {unknown}
 I - a cursed ring of teleportation {unknown}
Wands
 w - a wand of paralysis (8)
 y - a wand of disintegration (19)
 L - a wand of enslavement (11)
Scrolls
 e - 8 scrolls of identify {unknown}
 h - a scroll of magic mapping {unknown}
 l - 3 scrolls of fog {unknown}
 m - 4 scrolls of remove curse {unknown}
 p - 2 scrolls of fear {unknown}
 s - a scroll of teleportation {unknown}
 t - a scroll of enchant weapon {unknown}
 v - 2 scrolls of enchant armour {unknown}
 E - 3 scrolls of noise {unknown}
 H - a scroll of amnesia {unknown}
 K - a scroll of blinking {unknown}
Potions
 b - a potion of invisibility {unknown}
 f - 3 potions of heal wounds
 i - 2 potions of flight {unknown}
 j - 2 potions of lignification {unknown}
 k - 2 potions of agility {unknown}
 z - a potion of degeneration {unknown}
 B - a potion of brilliance {unknown}
 F - a potion of haste {unknown}
 J - a potion of curing {unknown}
Books
 c - a book of Battle

   Spells                             Type                      Level
   a - Infusion                       Charms                       1
   b - Shroud of Golubria             Charms/Translocation         2
   c - Song of Slaying                Charms                       2
   d - Spectral Weapon                Hexes/Charms                 3
   e - Regeneration                   Charms/Necromancy            3
Comestibles
 d - 15 rations
 M - a chunk of flesh


   Skills:
 + Level 6.4 Fighting
 * Level 10.4 Axes
 - Level 1.1 Armour
 - Level 1.5 Dodging
 - Level 2.0 Spellcasting
 - Level 2.6 Charms
 + Level 4.3 Invocations


You had 11 spell levels left.
You knew the following spells:

 Your Spells              Type           Power        Failure   Level  Hunger
a - Infusion              Chrm           #...         14%         1    ##.....


Dungeon Overview and Level Annotations

Branches:
Dungeon (8/15)             Temple (1/1) D:5
   Lair: D:8-11

Altars:
Ashenzari
Cheibriados
Dithmenos
Elyvilon
Fedhas
Gozag
Hepliaklqana
Kikubaaqudgha
Makhleb
Nemelex Xobeh
Okawaru
Qazlal
Ru
Trog
Uskayaw
Vehumet
Wu Jian
Xom
Zin
The Shining One

Annotations:
D:3 1 exclusion
D:5 1 exclusion
D:7 1 runed door


Innate Abilities, Weirdness & Mutations

You are resistant to torment.
Your stone body is resilient. (AC +6)
You are immune to poison.
You resist negative energy. (rN+)
You are resistant to electric shocks. (rElec)
You can survive without breathing.
You are immune to petrification.
You are immune to rotting.


Message History

The killer bee stings you but does no damage.
The killer bee stings you.
* * * LOW HITPOINT WARNING * * *
The killer bee barely misses you.
The killer bee stings you but does no damage.
The killer bee stings you.
* * * LOW HITPOINT WARNING * * *
The killer bee stings you but does no damage.
The killer bee stings you.
* * * LOW HITPOINT WARNING * * *
The killer bee stings you but does no damage.
The killer bee stings you but does no damage. x4
The killer bee stings you.
* * * LOW HITPOINT WARNING * * *
The killer bee stings you but does no damage. x2
The killer bee stings you.
* * * LOW HITPOINT WARNING * * *
The killer bee stings you but does no damage.
The killer bee stings you.
You die...

.#.## #.....#
...†####.....#
..#...#......######
...##.)...........#
....##.##....####.#
.......##.........###.#
###..#..##.#...........
# #..##.##.####..###.$
# #.....##.# ##@#
#.#......# #yyyy....
#.#......# ###S.....
#.#........# y.....
............# .....
...#........... .....
<.##........#### ..(#
.. #........# .$.#
#.........


You could see 5 killer bees and an adder.

Vanquished Creatures
  Maurice (D:8)
  2 hungry ghosts
  Eustachio (D:5)
  2 ice beasts (D:5)
  A sky beast (D:5)
  3 orc warriors
  A phantom (D:5)
  3 ogres
  4 wights (D:6)
  2 crimson imps
  A centaur zombie (D:5)
  3 hounds
  5 orc priests
  13 orc wizards
  Ijyb (D:4)
  3 iguanas
  4 worker ants
  A hound zombie (D:3)
  2 worker ant zombies
  A howler monkey skeleton (D:6)
  3 gnolls (D:6)
  3 adders
  A shadow imp (D:5)
  3 oozes
  2 adder zombies
  An adder skeleton (D:5)
  A worm (D:2)
  A dart slug (D:2)
  4 leopard geckos
  37 orcs
  3 giant cockroaches
  14 goblins
  10 hobgoblins
  16 jackals
  5 kobolds
  A ball python (D:5)
  4 bats
  2 frilled lizards (D:1)
  A leopard gecko skeleton (D:5)
  A quokka skeleton (D:5)
  2 quokka zombies
  10 rats
179 creatures vanquished.

Vanquished Creatures (others)
  An orc wizard (D:5)
1 creature vanquished.

Grand Total: 180 creatures vanquished

Notes
Turn   | Place    | Note
-------+----------+-------------------------------------------
     0 | D:1      | Stormhunter the Gargoyle Skald began the quest for the Orb.
     0 | D:1      | Reached XP level 1. HP: 12/12 MP: 3/3
   133 | D:1      | Reached skill level 2 in Axes
   140 | D:1      | Reached XP level 2. HP: 16/18 MP: 5/5
   463 | D:2      | Reached skill level 3 in Axes
   463 | D:2      | Reached XP level 3. HP: 15/22 MP: 6/6
   691 | D:2      | Found a shadowy altar of Dithmenos.
   838 | D:2      | Reached XP level 4. HP: 14/27 MP: 7/7
  1346 | D:2      | Found a glowing golden altar of the Shining One.
  1653 | D:3      | Reached skill level 4 in Axes
  1688 | D:3      | Reached XP level 5. HP: 32/32 MP: 8/8
  2276 | D:4      | Reached skill level 5 in Axes
  2276 | D:4      | Reached XP level 6. HP: 30/37 MP: 9/9
  2452 | D:4      | Noticed Ijyb
  2479 | D:4      | Killed Ijyb
  2978 | D:5      | Entered Level 5 of the Dungeon
  3005 | D:5      | Noticed a phantom
  3033 | D:5      | Killed a phantom
  3033 | D:5      | Reached skill level 6 in Axes
  3033 | D:5      | Reached XP level 7. HP: 23/41 MP: 10/10
  3423 | D:5      | Reached skill level 7 in Axes
  3481 | D:5      | Found a sparkling altar of Nemelex Xobeh.
  3481 | D:5      | Found a glowing golden altar of the Shining One.
  3482 | D:5      | Found an ancient bone altar of Kikubaaqudgha.
  3694 | D:5      | Reached XP level 8. HP: 48/48 MP: 11/11
  3812 | D:5      | Found a staircase to the Ecumenical Temple.
  3812 | D:5      | Noticed Eustachio
  3819 | D:5      | Reached skill level 8 in Axes
  3863 | D:5      | Killed Eustachio
  3884 | Temple   | Entered the Ecumenical Temple
  4052 | Temple   | Became a worshipper of Warmaster Okawaru
  4137 | D:5      | Found an opulent altar of Gozag.
  4434 | D:6      | Reached skill level 9 in Axes
  4649 | D:6      | Reached skill level 1 in Invocations
  4651 | D:6      | Reached * piety under Okawaru
  4744 | D:6      | Reached skill level 5 in Fighting
  4744 | D:6      | Reached XP level 9. HP: 32/54 MP: 12/12
  4753 | D:6      | Paralysed by fainting for 7 turns
  5598 | D:6      | Reached ** piety under Okawaru
  6005 | D:7      | Found a runed door.
  6005 | D:7      | Noticed an angel
  6006 | D:7      | Found a glowing silver altar of Zin.
  6093 | D:7      | Reached skill level 10 in Axes
  6367 | D:7      | Found a burning altar of Makhleb.
  6566 | D:7      | Found a sacrificial altar of Ru.
  6567 | D:7      | Found a hazy altar of Hepliaklqana.
  6617 | D:8      | Noticed Maurice
  6625 | D:8      | Killed Maurice
  6725 | D:8      | Paralysed by fainting for 10 turns
  6734 | D:8      | HP: 2/56 [killer bee (5)]
  6735 | D:8      | Slain by a killer bee

Skill      XL: |  1  2  3  4  5  6  7  8  9 |
---------------+----------------------------+-----
Axes           | 2 3 4 5 6 7 9 10 | 10.4
Fighting       | 3 5 6 |  6.4
Invocations    | 2 4 |  4.3
Armour         | |  1.1
Dodging        | |  1.5
Spellcasting   | |  2.0
Charms         | |  2.6

Action                   |  1- 3 |  4- 6 |  7- 9 || total
-------------------------+-------+-------+-------++-------
Melee: Hand axe          |   132 |    57 |   100 ||   289
       War axe           |       |   171 |   302 ||   473
       Punch             |       |       |     1 ||     1
Invok: Heroism           |       |       |     1 ||     1
Evoke: Wand              |       |       |    15 ||    15
  Use: Potion            |       |     1 |       ||     1
 Stab: Paralysed         |       |       |    15 ||    15
  Eat: Chunk             |       |     7 |    12 ||    19
       Ration            |       |       |     2 ||     2
Armor: Chain mail        |    86 |       |       ||    86
       Leather armour    |     1 |       |       ||     1
       Ring mail         |    10 |   113 |   263 ||   386
Dodge: Dodged            |    68 |   145 |   215 ||   428
